 Dungeon Crawl Stone Soup version 0.30.1-11-g7821555f0a (webtiles) character file.

Game seed: 1948922945557257635

43 jagang the Trooper (level 3, -6/29 HPs)
             Began as a Demonspawn Berserker on Dec 13, 2023.
             Was a Believer of Trog.
             Mangled by a sleepcap (14 damage)
             ... on level 4 of the Dungeon.
             The game lasted 00:02:13 (752 turns).

jagang the Trooper (Demonspawn Berserker)            Turns: 752, Time: 00:02:13

Health: -6/29      AC:  2    Str: 19    XL:     3   Next: 37%
Magic:  3/3        EV:  2    Int:  8    God:    Trog [**....]
Gold:   60         SH:  0    Dex: 12    Spells: 2/2 levels left

rFire   . . .        a - +0 mace
rCold   . . .        (no shield)
rNeg    . . .        b - +0 animal skin
rPois   .            (helmet restricted)
rElec   .            (no cloak)
rCorr   .            (no gloves)
SInv    .            (no boots)
Will    .....        c - amulet of reflection
Stlth   +            (no ring)
HPRegen 0.24/turn    (no ring)
MPRegen 0.08/turn

%: reflection
@: sleeping
A: horns 2
a: Renounce Religion, Berserk, Trog's Hand


You were on level 4 of the Dungeon.
You worshipped Trog.
Trog was pleased with you.
You visited 1 branch of the dungeon, and saw 3 of its levels.

You collected 60 gold pieces.

Inventory:

Hand Weapons
 a - a +0 mace (weapon)
Armour
 b - a +0 animal skin (worn)
Jewellery
 c - an amulet of reflection (around neck)
Scrolls
 h - 2 scrolls of identify {unknown}
 j - a scroll of noise {unknown}
 k - a scroll of immolation {unknown}
 l - a scroll of enchant armour {unknown}
Potions
 d - a potion of heal wounds {unknown}
 e - a potion of resistance {unknown}
 f - 2 potions of degeneration {unknown}
 g - 2 potions of curing {unknown}
 i - 2 potions of flight {unknown}
 m - a potion of cancellation {unknown}


   Skills:
 + Level 3.5 Fighting
 - Level 2.6 Maces & Flails
 + Level 2.4 Armour
 + Level 2.4 Dodging


You had 2 spell levels left.
You didn't know any spells.
Your spell library contained the following spells:

 Spells                   Type           Power      Damage    Failure   Level
 Frozen Ramparts          Ice            0%         1d1       78%         3
 Ice Form                 Ice/Tmut       0%         N/A       99%         4
 Summon Ice Beast         Ice/Summ       0%         N/A       99%         4


Dungeon Overview and Level Annotations

Branches:
Dungeon (2/15)

Altars:

Shops:
D:1 =


Innate Abilities, Weirdness & Mutations

You have a pair of horns on your head.


Message History

You kill the giant cockroach!
Trog accepts your kill.
You see here a worm corpse.
You start resting.
HP restored.
Found a scroll labelled BINURAFAKU.
h - 2 scrolls labelled BINURAFAKU (gained 1)
A sleepcap comes into view.
Found a falchion.
Found a stone staircase leading up.
The sleepcap moves out of view.
You see here a +0 falchion.
The sleepcap releases spores at you but does no damage.
There is a stone staircase leading up here.
You hit the sleepcap but do no damage. The sleepcap releases spores at you.
You are engulfed in a cloud of soporific spores!
You fall asleep.
The sleepcap releases spores at you!
You wake up.
You hit the sleepcap but do no damage. You headbutt the sleepcap.
The sleepcap is moderately damaged.
The sleepcap releases spores at you!
You hit the sleepcap.
The sleepcap is moderately damaged.
The sleepcap barely misses you.
You hit the sleepcap.
The sleepcap is heavily damaged.
You block the sleepcap's attack. The sleepcap barely misses you.
You hit the sleepcap but do no damage. You headbutt the sleepcap.
The sleepcap is severely damaged.
The sleepcap releases spores at you.
You hit the sleepcap but do no damage.
The sleepcap is severely damaged.
The sleepcap completely misses you.
You hit the sleepcap but do no damage. You headbutt the sleepcap.
The sleepcap is almost destroyed.
The sleepcap releases spores at you.
* * * LOW HITPOINT WARNING * * *
You are engulfed in a cloud of soporific spores!
You fall asleep.
The sleepcap releases spores at you!
You die...

##########
.†.......##
.######.#.########
##.....###.......#
....### #.######.#
.. ..# #)# #.. #@#
#. #f# #. ... #
..... .......
......##. #......#
.# #.###### #


You could see a sleepcap.

Vanquished Creatures
  A worm (D:4)
  A dart slug (D:1)
  An endoplasm (D:1)
  A giant cockroach (D:4)
  5 goblins (D:1)
  7 hobgoblins
  3 jackals (D:1)
  6 ball pythons
  4 bats
  2 frilled lizards
  A kobold (D:1)
  4 rats (D:1)
36 creatures vanquished.

Notes
Turn   | Place    | Note
-------+----------+-------------------------------------------
     0 | D:1      | jagang the Demonspawn Berserker began the quest for the
                  | Orb.
     0 | D:1      | Reached XP level 1. HP: 18/18 MP: 1/1
    91 | D:1      | Gained mutation: You have a pair of small horns on your
                  | head. [demonic ancestry]
    91 | D:1      | Reached XP level 2. HP: 24/24 MP: 2/2
   106 | D:1      | Found Syilont's One-of-a-Kind Rings.
   344 | D:1      | Gained mutation: You have a pair of horns on your head.
                  | [demonic ancestry]
   344 | D:1      | Reached XP level 3. HP: 20/29 MP: 3/3
   586 | D:2      | Reached ** piety under Trog
   633 | D:2      | Noticed a shining eye
   634 | D:2      | Found a faded altar of an unknown god.
   663 | D:2      | Noticed a shining eye
   668 | D:2      | Noticed a shining eye
   672 | D:2      | Noticed a golden eye
   673 | D:2      | You fall into a shaft and drop 2 floors!
   752 | D:4      | Mangled by a sleepcap

Illustrated notes

Levels and vault maps discovered:
D:1:      psy_arrival_basics, layout_basic, nicolae_shop_unique_rings
D:2:      cheibrodos_old_hovel, layout_basic,
          hellmonk_ecumenical_altar_watching_god
D:4:      kennysheep_big_flooded_room, layout_loops_ring, lemuel_round_altar

Skill      XL: |  1 |
---------------+----+-----
Dodging        | 2 |  2.4
Armour         | 2 |  2.4
Fighting       | |  3.5
Maces & Flails | |  2.6

Action                     || total
---------------------------++-------
  Melee: Mace              ||    92
         Headbutt          ||    13
 Armour: Animal skin       ||    23
  Dodge: Dodged            ||    67
  Block: Other             ||    24
